 Dungeon Crawl Stone Soup version 0.29.1-1-gd02db6906a (webtiles) character file.

Game seed: 7931281935738564372

78 nshep25 the Trooper (level 4, -4/41 HPs)
             Began as a Minotaur Fighter on Sept 29, 2022.
             Slain by a gnoll
             ... wielding a +1 halberd of venom
              (6 damage)
             ... on level 3 of the Dungeon.
             The game lasted 00:05:05 (1680 turns).

nshep25 the Trooper (Minotaur Fighter)              Turns: 1680, Time: 00:05:05

Health: -4/41      AC: 12    Str: 23    XL:     4   Next: 15%
Magic:  3/3        EV:  7    Int:  5    God:
Gold:   157        SH:  4    Dex:  9    Spells: 3/3 levels left

rFire   . . .      SeeInvis .   a - +0 war axe
rCold   . . .      Faith    .   c - +0 buckler
rNeg    . . .      Spirit   .   k - +2 chain mail {rPois}
rPois   +          Reflect  .   (helmet restricted)
rElec   .          Harm     .   (no cloak)
rCorr   .          Rampage  .   (no gloves)
Will    .....                   g - +0 pair of boots
Stlth   ..........              (no amulet)
HPRegen 0.13/turn               (no ring)
MPRegen 0.08/turn               (no ring)

@: no status effects
A: horns 2, retaliatory headbutt
a: no special abilities


You were on level 3 of the Dungeon.
You visited 1 branch of the dungeon, and saw 3 of its levels.

You collected 157 gold pieces.

Inventory:

Hand Weapons
 a - a +0 war axe (weapon)
Missiles
 i - 3 poisoned darts (quivered)
Armour
 b - a +0 scale mail
 c - a +0 buckler (worn)
 g - a +0 pair of boots (worn)
 k - a +2 chain mail of poison resistance (worn)
Scrolls
 e - a scroll of silence {unknown}
 h - a scroll of vulnerability {unknown}
 j - 3 scrolls of identify {unknown}
 m - a scroll of noise {unknown}
 o - a scroll of poison {unknown}
Potions
 d - a potion of might
 f - 2 potions of degeneration {unknown}
 l - 3 potions of heal wounds {unknown}
 n - a potion of magic {unknown}


   Skills:
 + Level 4.5 Fighting
 + Level 3.5 Axes
 + Level 4.2 Armour
 + Level 4.1 Shields


You had 3 spell levels left.
You didn't know any spells.
Your spell library contained the following spells:

 Spells                   Type           Power      Damage    Failure   Level
 Magic Dart               Conj           0%         1d3       99%         1
 Searing Ray              Conj           0%         2d4       100%        2
 Fulminant Prism          Conj/Hex       0%         3d6       100%        4


Dungeon Overview and Level Annotations

Branches:
Dungeon (3/15)

Altars:
Wu Jian


Innate Abilities, Weirdness & Mutations

You have a pair of horns on your head.
You reflexively headbutt those who attack you in melee.


Message History

You hit the jackal.
You kill the jackal!
You feel sick.
The gnoll hits you from afar with a +1 halberd of venom.
You are more poisoned.
You block the gnoll's attack. The gnoll hits you but does no damage.
You have reached level 4!
You feel stronger.
You closely miss the gnoll. Your headbutt misses the gnoll.
You feel very sick. You block the gnoll's attack. The gnoll barely misses you.
You barely miss the gnoll.
You feel very sick. The gnoll hits you but does no damage.
The gnoll barely misses you. You furiously retaliate!
You headbutt the gnoll! The gnoll completely misses you.
You barely miss the gnoll. You headbutt the gnoll.
You kill the gnoll!
You feel very sick. You block the gnoll's attack.
The gnoll hits you but does no damage.
The gnoll hits you from afar with a +1 halberd of venom!
The gnoll hits you but does no damage.
You feel sick.
The gnoll hits you but does no damage. x3
Items here: ) †††.
You barely miss the gnoll. You closely miss the gnoll.
You feel sick. The gnoll hits you but does no damage.
The gnoll hits you from afar with a +0 spear.
The gnoll hits you with a +1 halberd of venom!
* * * LOW HITPOINT WARNING * * *
You feel sick.
The gnoll hits you from afar with a +1 halberd of venom.
* * * LOW HITPOINT WARNING * * *
The gnoll hits you but does no damage.
You feel sick.
You feel sick.
You feel sick.
You are no longer poisoned.
There is a stone staircase leading up here.
The gnoll hits you from afar with a +1 halberd of venom.
You die...

#.♣†h..... #.
#..♣♣ .##.gg#
#....#)#
###..#.##
##.#.g#
#####.##g# .#
.........#..#
.......@...#
..........##
..........#
..........#
..........#
..........#
..........#
#######...#


You could see a gnoll and a goblin.

Vanquished Creatures
  A gnoll (D:3)
  2 adders (D:2)
  A dart slug (D:1)
  2 ball pythons (D:2)
  4 bats
  5 endoplasms
  A giant cockroach (D:3)
  2 hobgoblins
  6 jackals
  A kobold (D:2)
  5 quokkas
  4 frilled lizards
  5 goblins
  5 rats
44 creatures vanquished.

Notes
Turn   | Place    | Note
-------+----------+-------------------------------------------
     0 | D:1      | nshep25 the Minotaur Fighter began the quest for the Orb.
     0 | D:1      | Reached XP level 1. HP: 19/19 MP: 0/0
    42 | D:1      | Reached XP level 2. HP: 21/27 MP: 1/1
   431 | D:1      | Found a faded altar of an unknown god.
  1046 | D:2      | Reached XP level 3. HP: 33/33 MP: 2/2
  1658 | D:3      | Found an ornate altar of the Wu Jian Council.
  1670 | D:3      | Reached XP level 4. HP: 35/41 MP: 3/3
  1678 | D:3      | HP: 2/41 [poisoned by a gnoll]
  1680 | D:3      | Slain by a gnoll

Illustrated notes

Levels and vault maps discovered:
D:1:      dpeg_arrival_rooms_with_view, layout_basic, serial_aquarium,
          aquarium_bridge_square [aquarium_subvault_window,
          aquarium_subvault_bridge, aquarium_subvault_bridge,
          aquarium_subvault_bridge], aquarium_window_1, aquarium_window_2,
          aquarium_window_corridor_1, aquarium_view_2g,
          chequers_ecumenical_altar_grove
D:2:      minmay_angry_zag, layout_basic
D:3:      layout_rooms, gammafunk_temple_overflow_claw,
          mainiacjoe_overflow_paths, ebering_ghost_rock_garden,
          minmay_quadrilaterals, uniq_grinder

Skill      XL: |  1  2 |
---------------+-------+-----
Fighting       | 4 |  4.5
Armour         | 4 |  4.2
Shields        | 4 |  4.1
Axes           | 3 |  3.5

Action                   |  1- 3 |  4- 6 || total
-------------------------+-------+-------++-------
Melee: War axe           |    94 |     4 ||    98
       Headbutt          |    12 |     1 ||    13
Armor: Scale mail        |    30 |       ||    30
       Chain mail        |    41 |     8 ||    49
Dodge: Dodged            |    44 |     3 ||    47
Block: Buckler           |    33 |     2 ||    35
